 Dungeon Crawl Stone Soup version 0.23-a0-169-gb21e69520c (webtiles) character file.

21 PikkenKukken the Skirmisher (level 2, 0/24 HPs)
             Began as a Demonspawn Monk on Sept 12, 2018.
             Slain by a frilled lizard (3 damage)
             ... on level 2 of the Dungeon.
             The game lasted 00:01:19 (1254 turns).

PikkenKukken the Skirmisher (Demonspawn Monk)       Turns: 1254, Time: 00:01:20

Health: 0/24       AC:  5    Str: 11    XL:     2   Next: 62%
Magic:  2/2        EV: 13    Int: 11    God:
Gold:   98         SH:  0    Dex: 15    Spells: 1/1 levels left

rFire    . . .     SeeInvis .     - Unarmed
rCold    . . .     Gourm    .   (no shield)
rNeg     . . .     Faith    .   d - +0 leather armour
rPois    .         Spirit   .   (no helmet)
rElec    .         Reflect  .   (no cloak)
rCorr    .         Harm     .   (no gloves)
MR       .....                  (no boots)
Stlth    ++........             (no amulet)
HPRegen  0.08/turn              (no ring)
MPRegen  0.08/turn              (no ring)

@: no status effects
A: icy blue scales 1
a: no special abilities


You were on level 2 of the Dungeon.
You were not hungry.

You visited 1 branch of the dungeon, and saw 2 of its levels.

You collected 98 gold pieces.

Inventory:

Armour
 d - a +0 leather armour (worn)
Potions
 a - a potion of degeneration {unknown}
 c - a potion of cancellation {unknown}
Comestibles
 b - 3 rations
 f - 3 chunks of flesh


   Skills:
 + Level 3.2 Fighting
 + Level 0.7 Armour
 + Level 2.9 Dodging
 - Level 1.7 Stealth
 * Level 3.1 Unarmed Combat


You had one spell level left.
You didn't know any spells.
Your spell library was empty.

Dungeon Overview and Level Annotations

Branches:
Dungeon (2/15)

Altars:


Innate Abilities, Weirdness & Mutations

You are partially covered in icy blue scales. (AC +2)


Message History

The frilled lizard misses you.
You closely miss the adder.
The adder is severely wounded.
The adder barely misses you. The frilled lizard misses you.
You barely miss the adder.
The adder is severely wounded.
The adder barely misses you.
You closely miss the adder.
The adder is severely wounded.
The frilled lizard bites you but does no damage.
The adder bites you but does no damage.
You closely miss the adder.
The adder is severely wounded.
The adder bites you but does no damage. The frilled lizard misses you.
You miss the adder.
The adder is severely wounded.
The adder bites you.
* * * LOW HITPOINT WARNING * * *
The frilled lizard bites you.
You die...

..#..<>.## .........##
..........# ..........# ..
..........# ########..
..........######..........
...........)..............
................### ....).
.........######.@S##...##.
........## ###l....<...
##.###### ##...#.... #.#
###.#...# # #.# #......##
#.# #.......#....
............#..
.##S.#........#
#.....#.######


You could see an adder and a frilled lizard.

Vanquished Creatures
  2 dart slugs
  A ball python (D:1)
  A giant cockroach (D:1)
  A goblin (D:1)
  3 hobgoblins
  3 bats (D:1)
  A frilled lizard (D:1)
  4 kobolds
  A rat (D:1)
17 creatures vanquished.

Notes
Turn   | Place    | Note
-------+----------+-------------------------------------------
     0 | D:1      | PikkenKukken the Demonspawn Monk began the quest for the
                  | Orb.
     0 | D:1      | Reached XP level 1. HP: 18/18 MP: 1/1
   430 | D:1      | Gained mutation: You are partially covered in icy blue
                  | scales. (AC +2) [demonic ancestry]
   430 | D:1      | Reached XP level 2. HP: 24/24 MP: 2/2
  1254 | D:2      | Slain by a frilled lizard

Vault maps used:
D:1:      dpeg_arrival_pits
D:2:      lemuel_upstairs_altar, overflow_temple_1_default,
          evilmike_ruin_ashenzari

Skill      XL: |  1  2 |
---------------+-------+-----
Unarmed Combat | 3 |  3.1
Fighting       | |  3.2
Armour         | |  0.7
Dodging        | |  2.9
Stealth        | |  1.7

Action                   || total
-------------------------++-------
Melee: Unarmed           ||    89
  Use: Scroll            ||     2
 Stab: Sleeping          ||     3
  Eat: Chunk             ||     1
Armor: Leather armour    ||    23
       Robe              ||     1
Dodge: Dodged            ||    64

Table legend:
 A = Non-vault XP
 B = Vault XP
 C = Vault XP percentage of total XP
 D = Non-vault monster count
 E = Vault monster count
 F = Vault count percentage of total count
                 A         B        C        D         E       F
            +---------+---------+-------+---------+---------+-------
      Total |      30 |       0 |   0.0 |      17 |       0 |   0.0
            +---------+---------+-------+---------+---------+-------
        D:1 |      23 |       0 |   0.0 |      14 |       0 |   0.0
        D:2 |       7 |       0 |   0.0 |       3 |       0 |   0.0
            +---------+---------+-------+---------+---------+-------
